 Dungeon Crawl Stone Soup version 0.31.0-11-ge490571c62 (webtiles) character file.

Game seed: 5178203167959838306

47 cdecastro the Ruffian (level 3, 0/28 HPs)
             Began as a Draconian Shapeshifter on Feb 7, 2024.
             Killed from afar by Natasha (8 damage)
             ... with a magic dart
             ... on level 2 of the Dungeon.
             The game lasted 00:01:25 (994 turns).

cdecastro the Ruffian (Draconian Shapeshifter)       Turns: 994, Time: 00:01:25

Health: 0/28       AC:  5    Str: 16    XL:     3   Next: 48%
Magic:  3/3        EV: 12    Int: 10    God:
Gold:   52         SH:  0    Dex: 12    Spells: 2/2 levels left

rFire   . .          .
                       - Unarmed
rCold   . . .        (no shield)
rNeg    . . .        (body armour unavailable)
rPois   .            (helmet currently unavailable)
rElec   .            (cloak currently unavailable)
rCorr   .            (gloves currently unavailable)
SInv    .            (boots currently unavailable)
Will    .....        (no amulet)
Stlth   +            (no ring)
HPRegen 0.24/turn    (no ring)
MPRegen 0.08/turn

%: no passive effects
@: beast-form
A: beast (slay +1), AC +5, unfitting armour, cold-blooded
a: Begin Untransformation


You were on level 2 of the Dungeon.
You were a hulking beast.
You visited 1 branch of the dungeon, and saw 2 of its levels.

You collected 52 gold pieces.

Inventory:

Magical Staves
 g - a staff of cold
Talismans
 b - a beast talisman
 c - a flux talisman
Scrolls
 e - a scroll of enchant weapon {unknown}
 f - a scroll of fog {unknown}
 h - 2 scrolls of identify {unknown}
 i - a scroll of poison {unknown}
Potions
 a - a potion of lignification
 d - a potion of degeneration {unknown}
 j - a potion of curing {unknown}


   Skills:
 - Level 1.1 Fighting
 - Level 1.7 Dodging
 * Level 4.1 Unarmed Combat
 + Level 3.4 Shapeshifting


You had 2 spell levels left.
You didn't know any spells.
Your spell library contained the following spells:

 Spells                   Type           Power      Damage    Failure   Level
 Stone Arrow              Conj/Erth      0%         3d7       75%         3
 Olgreb's Toxic Radiance  Alch           0%         N/A       98%         4
 Ozocubu's Refrigeration  Ice            0%         4d7       100%        7
 Discord                  Hex            0%         N/A       100%        8
 Lehudib's Crystal Spear  Conj/Erth      0%         10d2      100%        8
 Animate Armour           Summ/Erth      Unusable   N/A       N/A         4

Dungeon Overview and Level Annotations

Branches:
Dungeon (2/15)

Altars:

Annotations:
D:2 Natasha


Innate Abilities, Weirdness & Mutations

You are a hulking beast.
Your limbs bulge with bestial killing power. (Slay +1)
Your plain brown scales are hard. (AC +5)
You cannot fit into any form of body armour.
You are cold-blooded and may be slowed by cold attacks.


Message History

Natasha barely misses you.
The jackal bites you but does no damage.
You closely miss Natasha. You tail-slap Natasha.
Natasha is moderately wounded.
Natasha claws you.
The jackal bites you but does no damage.
You closely miss Natasha.
Natasha is moderately wounded.
Natasha barely misses you. The jackal barely misses you.
You miss Natasha.
Natasha is moderately wounded.
Natasha claws you. The jackal barely misses you.
You closely miss Natasha.
Natasha is moderately wounded.
Natasha claws you but does no damage.
The jackal bites you but does no damage.
You hit Natasha.
Natasha is moderately wounded.
The jackal closely misses you.
The jackal bites you but does no damage.
The jackal bites you.
Natasha mumbles some strange words.
The jackal bites you.
You hit Natasha but do no damage.
You tail-slap Natasha, but do no damage.
Natasha is moderately wounded.
The jackal bites you. The jackal barely misses you. The jackal misses you.
Natasha claws you.
* * * LOW HITPOINT WARNING * * *
You punch Natasha!
Natasha is almost dead.
The jackal barely misses you. The jackal closely misses you.
The cerulean imp hits you with a +2 spear.
* * * LOW HITPOINT WARNING * * *
The jackal bites you.
* * * LOW HITPOINT WARNING * * *
Natasha casts a spell at you. The magic dart hits you!
You die...
Natasha begins licking her fur clean.

###########
....$.....# ##
..........# .#######
........!.#
...................+
.###### #..).......#
.# #......hhh.#
.########......hh..#
..†............5...#
##.................#
#.................#
#.######....†.....#
#..### ##...#######
##...## #...#
###).###...#
######.......#


You could see Natasha, a cerulean imp (summoned) and 3 jackals.

Vanquished Creatures
  2 adders (D:2)
  2 ball pythons
  3 endoplasms
  4 giant cockroaches
  4 goblins
  2 hobgoblins
  3 kobolds
  4 bats
  2 frilled lizards
  A rat (D:1)
27 creatures vanquished.

Notes
Turn   | Place    | Note
-------+----------+-------------------------------------------
     0 | D:1      | cdecastro the Draconian Shapeshifter began the quest for
                  | the Orb.
     0 | D:1      | Reached XP level 1. HP: 16/16 MP: 1/1
   147 | D:1      | Reached XP level 2. HP: 23/23 MP: 2/2
   815 | D:2      | Reached XP level 3. HP: 24/28 MP: 3/3
   848 | D:2      | Reached skill level 4 in Unarmed Combat
   984 | D:2      | Noticed Natasha
   994 | D:2      | Killed from afar by Natasha

Illustrated notes

Levels and vault maps discovered:
D:1:      dpeg_arrival_stonehenge_12_columns, layout_basic,
          nicolae_figureground_pulse
D:2:      layout_basic, uniq_sigmund, uniq_natasha

Skill      XL: |  1  2  3 |
---------------+----------+-----
Unarmed Combat | 4 |  4.1
Fighting       | |  1.1
Dodging        | |  1.7
Shapeshifting  | |  3.4

Action                     || total
---------------------------++-------
  Melee: Unarmed           ||    78
         Tailslap          ||     7
         Punch             ||     1
   Stab: Sleeping          ||     1
 Armour: Skin              ||    48
  Dodge: Dodged            ||    53
